General information
			
			
        
        - name: BNet
 
        - type: Ladder team game (AT/RT)
 
        - host: Battle.net
 
        - saver: MrFrosty
 
        
map: CentaurGrove 
        - players: 4
 
        - length: 97:29
 
        - speed: Fast
 - version: 1.22 W3XP
 - replay type:  Public
 
» download(583 KB)
Players
        team 1 (loser) 
              
              
» 
Balance (
blue | 102 APM | 9910 actions | 97:28)
              
 5 Blademaster 
 3 Wind Walk
 2 Critical Strike
 3 Shadow Hunter 
 2 Hex
 1 Healing Wave
 3 Dark Ranger 
 2 Silence
 1 Black Arrow
 
                » actions 
                
                | Assign group hotkey | 114 |  | 
| Basic commands | 370 |  | 
| Build / train | 164 |  | 
| ESC pressed | 15 |  | 
| Enter build submenu | 40 |  | 
| Enter hero's abilities submenu | 11 |  | 
| Give item / drop item | 5 |  | 
| Remove unit from queue | 1 |  | 
| Right click | 3611 |  | 
| Select / deselect | 1172 |  | 
| Select group hotkey | 4003 |  | 
| Use ability | 404 |  | 
                9910 total
 » units 
                
                | Peon | 61 |  | 
| Grunt | 6 |  | 
| Raider | 5 |  | 
| Troll Witch Doctor | 1 |  | 
| Spirit Walker | 9 |  | 
| Wind Rider | 14 |  | 
| Demolisher | 11 |  | 
                107 total
 » upgrades
                
                | Berserker Strength | 1 |  | 
| Pillage | 1 |  | 
| Ensnare | 1 |  | 
| Armor | 3 |  | 
| Spiked Barricades | 1 |  | 
| Reinforced Defenses | 1 |  | 
| Spirit Walker Training | 2 |  | 
| Envenomed Spears | 1 |  | 
| Ranged Weapons | 3 |  | 
| Burning Oil | 2 |  | 
                16 total
 » buildings
                
                | Altar of Storms | 1 |  | 
| Orc Burrow | 13 |  | 
| Barracks | 2 |  | 
| Voodoo Lounge | 2 |  | 
| Stronghold | 1 |  | 
| War Mill | 2 |  | 
| Fortress | 1 |  | 
| Watch Tower | 9 |  | 
| Beastiary | 2 |  | 
| Spirit Lodge | 1 |  | 
| Great Hall | 3 |  | 
                37 total
 » build order
                00:09 Altar of Storms
00:22 Orc Burrow
00:35 Barracks
01:35 Orc Burrow
02:05 Voodoo Lounge
03:04 Stronghold
03:23 Orc Burrow
05:56 War Mill
06:11 War Mill
08:31 Fortress
08:35 Watch Tower
08:38 Watch Tower
08:40 Watch Tower
09:07 Beastiary
09:22 Watch Tower
10:49 Beastiary
11:31 Orc Burrow
14:20 Watch Tower
14:37 Spirit Lodge
15:00 Watch Tower
15:20 Orc Burrow
16:15 Watch Tower
17:04 Orc Burrow
18:20 Orc Burrow
20:07 Great Hall
21:17 Orc Burrow
25:45 Great Hall
28:51 Orc Burrow
28:53 Watch Tower
30:39 Orc Burrow
33:42 Orc Burrow
33:44 Orc Burrow
49:59 Voodoo Lounge
51:59 Great Hall
52:22 Orc Burrow
53:47 Watch Tower
61:36 Barracks
» items
                
                | Healing Salve | 6 |  | 
| Lesser Clarity Potion | 6 |  | 
| Scroll of Speed | 3 |  | 
| Boots of Speed | 1 |  | 
| Orb of Lightning | 1 |  | 
| Tiny Great Hall | 1 |  | 
| Scroll of Town Portal | 1 |  | 
| Potion of Healing | 2 |  | 
| Scroll of Healing | 2 |  | 
| Scroll of Protection | 1 |  | 
                24 total
  
               
              
              
» 
RANDOMIMBALANCE (
yellow | 153 APM | 14879 actions | 97:21)
              
 5 Blademaster 
 2 Wind Walk
 3 Critical Strike
 4 Shadow Hunter 
 2 Hex
 2 Healing Wave
 2 Tauren Chieftain 
 1 Endurance Aura
 1 Shockwave
 
                » actions 
                
                | Assign group hotkey | 88 |  | 
| Basic commands | 922 |  | 
| Build / train | 135 |  | 
| ESC pressed | 29 |  | 
| Enter build submenu | 36 |  | 
| Enter hero's abilities submenu | 13 |  | 
| Give item / drop item | 9 |  | 
| Remove unit from queue | 1 |  | 
| Right click | 4209 |  | 
| Select / deselect | 2591 |  | 
| Select group hotkey | 6299 |  | 
| Use ability | 547 |  | 
                14879 total
 » units 
                
                | Peon | 32 |  | 
| Grunt | 7 |  | 
| Raider | 6 |  | 
| Spirit Walker | 7 |  | 
| Kodo Beast | 2 |  | 
| Troll Witch Doctor | 9 |  | 
| Tauren | 8 |  | 
                71 total
 » upgrades
                
                | Berserker Strength | 1 |  | 
| Ensnare | 1 |  | 
| Spirit Walker Training | 2 |  | 
| War Drums Damage Increase | 2 |  | 
| Envenomed Spears | 1 |  | 
| Armor | 3 |  | 
| Witch Doctor Training | 2 |  | 
| Pulverize | 1 |  | 
| Melee Weapons | 2 |  | 
                15 total
 » buildings
                
                | Altar of Storms | 1 |  | 
| Orc Burrow | 20 |  | 
| Barracks | 1 |  | 
| Voodoo Lounge | 1 |  | 
| Stronghold | 2 |  | 
| War Mill | 1 |  | 
| Beastiary | 2 |  | 
| Spirit Lodge | 1 |  | 
| Great Hall | 2 |  | 
| Fortress | 2 |  | 
| Tauren Totem | 2 |  | 
| Watch Tower | 1 |  | 
                36 total
 » build order
                00:06 Altar of Storms
00:18 Orc Burrow
00:38 Barracks
01:25 Orc Burrow
01:51 Voodoo Lounge
03:52 Stronghold
04:44 Orc Burrow
06:11 War Mill
06:15 Beastiary
06:17 Spirit Lodge
06:43 Beastiary
08:27 Great Hall
10:31 Fortress
10:31 Fortress
11:07 Great Hall
11:28 Orc Burrow
14:44 Orc Burrow
14:45 Orc Burrow
17:27 Tauren Totem
18:02 Watch Tower
18:18 Tauren Totem
21:34 Orc Burrow
25:41 Orc Burrow
25:42 Orc Burrow
27:25 Orc Burrow
27:26 Orc Burrow
28:09 Orc Burrow
28:32 Orc Burrow
28:37 Orc Burrow
29:28 Orc Burrow
29:30 Orc Burrow
30:42 Orc Burrow
34:47 Orc Burrow
45:18 Orc Burrow
45:48 Orc Burrow
» items
                
                | Circlet of Nobility | 1 |  | 
| Healing Salve | 10 |  | 
| Lesser Clarity Potion | 3 |  | 
| Scroll of Speed | 2 |  | 
| Boots of Speed | 1 |  | 
| Orb of Lightning | 2 |  | 
| Tiny Great Hall | 1 |  | 
| Scroll of Healing | 1 |  | 
| Dust of Appearance | 1 |  | 
                22 total
  
               team 2 (winner) 
              
              
kunt.roII (
teal | 87 APM | 8470 actions | 97:28)
              
 7 Blademaster 
 3 Wind Walk
 3 Critical Strike
 1 Bladestorm
 4 Shadow Hunter 
 2 Hex
 2 Healing Wave
 
                » actions 
                
                | Assign group hotkey | 80 |  | 
| Basic commands | 69 |  | 
| Build / train | 92 |  | 
| ESC pressed | 8 |  | 
| Enter build submenu | 94 |  | 
| Enter hero's abilities submenu | 11 |  | 
| Give item / drop item | 24 |  | 
| Right click | 3969 |  | 
| Select / deselect | 624 |  | 
| Select group hotkey | 2770 |  | 
| Use ability | 728 |  | 
                8470 total
 » units 
                
                | Peon | 19 |  | 
| Troll Witch Doctor | 3 |  | 
| Shaman | 4 |  | 
| Spirit Walker | 2 |  | 
                28 total
 » upgrades
                
                | Witch Doctor Training | 2 |  | 
| Shaman Training | 2 |  | 
| Reinforced Defenses | 1 |  | 
| Spirit Walker Training | 2 |  | 
| Spiked Barricades | 3 |  | 
                10 total
 » buildings
                
                | Altar of Storms | 2 |  | 
| Orc Burrow | 8 |  | 
| War Mill | 2 |  | 
| Voodoo Lounge | 2 |  | 
| Watch Tower | 72 |  | 
| Stronghold | 2 |  | 
| Spirit Lodge | 3 |  | 
| Fortress | 1 |  | 
| Great Hall | 1 |  | 
                93 total
 » build order
                00:08 Altar of Storms
00:21 Orc Burrow
00:47 War Mill
01:15 Voodoo Lounge
01:54 Orc Burrow
02:33 Watch Tower
03:08 Watch Tower
03:55 Stronghold
03:55 Stronghold
04:48 Watch Tower
04:57 Watch Tower
05:17 Orc Burrow
06:00 Watch Tower
06:20 Spirit Lodge
06:21 Fortress
06:48 Watch Tower
06:49 Watch Tower
06:49 Watch Tower
06:54 Watch Tower
08:38 Spirit Lodge
09:05 Watch Tower
09:09 Watch Tower
09:52 Watch Tower
09:53 Watch Tower
10:53 Watch Tower
16:38 Voodoo Lounge
19:26 Orc Burrow
20:02 Watch Tower
20:03 Watch Tower
20:45 Orc Burrow
20:53 Great Hall
20:59 Spirit Lodge
21:06 War Mill
23:44 Watch Tower
23:45 Watch Tower
23:45 Watch Tower
25:38 Watch Tower
25:39 Watch Tower
26:11 Watch Tower
26:12 Watch Tower
26:12 Watch Tower
26:16 Watch Tower
26:16 Watch Tower
26:17 Watch Tower
26:50 Watch Tower
26:50 Watch Tower
26:54 Watch Tower
26:55 Watch Tower
26:55 Watch Tower
26:56 Watch Tower
26:58 Watch Tower
27:00 Watch Tower
27:05 Watch Tower
27:06 Watch Tower
28:18 Watch Tower
28:20 Watch Tower
28:21 Watch Tower
28:23 Watch Tower
28:23 Watch Tower
28:44 Watch Tower
28:45 Watch Tower
28:46 Watch Tower
28:47 Watch Tower
29:31 Watch Tower
29:32 Watch Tower
29:34 Watch Tower
29:36 Watch Tower
29:37 Watch Tower
29:37 Watch Tower
29:40 Watch Tower
29:41 Watch Tower
30:02 Watch Tower
37:44 Watch Tower
37:44 Watch Tower
37:46 Watch Tower
37:46 Watch Tower
37:48 Watch Tower
37:49 Watch Tower
40:58 Altar of Storms
40:59 Orc Burrow
41:50 Orc Burrow
41:52 Orc Burrow
59:11 Watch Tower
59:11 Watch Tower
59:13 Watch Tower
59:13 Watch Tower
59:17 Watch Tower
59:18 Watch Tower
59:19 Watch Tower
59:24 Watch Tower
59:25 Watch Tower
59:25 Watch Tower
59:28 Watch Tower
» items
                
                | Healing Salve | 6 |  | 
| Lesser Clarity Potion | 9 |  | 
| Scroll of Speed | 2 |  | 
| Boots of Speed | 1 |  | 
| Dust of Appearance | 1 |  | 
| Staff of Teleportation | 3 |  | 
| Orb of Lightning | 1 |  | 
| Circlet of Nobility | 1 |  | 
| Potion of Mana | 1 |  | 
| Scroll of Town Portal | 1 |  | 
| Potion of Lesser Invulnerability | 4 |  | 
| Staff of Sanctuary | 2 |  | 
                32 total
  
               
              
              
MrFrosty (
orange | 86 APM | 8351 actions | 97:29)
              
 6 Archmage 
 3 Blizzard
 2 Brilliance Aura
 1 Mass Teleport
 5 Blood Mage 
 3 Flame Strike
 2 Banish
 4 Mountain King 
 2 Storm Bolt
 2 Thunder Clap
 
                » actions 
                
                | Assign group hotkey | 24 |  | 
| Basic commands | 132 |  | 
| Build / train | 121 |  | 
| ESC pressed | 1 |  | 
| Enter build submenu | 48 |  | 
| Enter hero's abilities submenu | 15 |  | 
| Give item / drop item | 10 |  | 
| Remove unit from queue | 1 |  | 
| Right click | 4005 |  | 
| Select / deselect | 1161 |  | 
| Select group hotkey | 2133 |  | 
| Use ability | 697 |  | 
                8351 total
 » units 
                
                | Peasant | 20 |  | 
| Priest | 4 |  | 
| Sorceress | 4 |  | 
                28 total
 » upgrades
                
                | Masonry | 3 |  | 
| Lumber Harvesting | 2 |  | 
| Magic Sentry | 1 |  | 
| Sorceress Training | 2 |  | 
| Backpack | 1 |  | 
| Priest Training | 2 |  | 
                11 total
 » buildings
                
                | Altar of Kings | 2 |  | 
| Farm | 7 |  | 
| Scout Tower | 67 |  | 
| Lumber Mill | 1 |  | 
| Arcane Tower | 15 |  | 
| Guard Tower | 25 |  | 
| Keep | 1 |  | 
| Arcane Sanctum | 1 |  | 
| Town Hall | 1 |  | 
| Castle | 1 |  | 
| Arcane Vault | 1 |  | 
                122 total
 » build order
                00:07 Altar of Kings
00:21 Farm
00:22 Scout Tower
00:40 Lumber Mill
00:53 Arcane Tower
01:18 Farm
01:37 Scout Tower
02:08 Guard Tower
02:12 Scout Tower
02:51 Arcane Tower
02:53 Scout Tower
02:55 Scout Tower
03:20 Scout Tower
03:22 Arcane Tower
03:47 Guard Tower
03:49 Keep
03:50 Guard Tower
04:50 Scout Tower
05:56 Scout Tower
05:57 Scout Tower
06:04 Scout Tower
06:05 Scout Tower
06:12 Scout Tower
06:18 Arcane Sanctum
06:23 Scout Tower
06:28 Arcane Tower
06:31 Scout Tower
06:34 Scout Tower
06:37 Guard Tower
06:49 Scout Tower
06:56 Farm
06:58 Guard Tower
07:03 Arcane Tower
07:05 Guard Tower
07:06 Scout Tower
07:12 Scout Tower
07:15 Scout Tower
07:16 Scout Tower
07:30 Town Hall
07:43 Guard Tower
07:56 Arcane Tower
08:22 Guard Tower
10:53 Scout Tower
10:53 Scout Tower
10:54 Scout Tower
10:55 Scout Tower
11:10 Castle
11:20 Scout Tower
11:21 Scout Tower
11:23 Scout Tower
11:28 Arcane Vault
11:31 Guard Tower
11:35 Arcane Tower
12:42 Guard Tower
12:46 Arcane Tower
12:53 Guard Tower
13:49 Farm
18:12 Scout Tower
18:13 Scout Tower
18:14 Scout Tower
18:15 Scout Tower
18:17 Scout Tower
18:17 Scout Tower
18:18 Scout Tower
18:21 Scout Tower
18:22 Scout Tower
18:23 Scout Tower
18:23 Scout Tower
18:25 Scout Tower
18:25 Scout Tower
18:26 Scout Tower
18:44 Arcane Tower
18:46 Guard Tower
19:07 Guard Tower
19:11 Arcane Tower
19:15 Guard Tower
19:16 Arcane Tower
19:39 Guard Tower
19:41 Arcane Tower
19:44 Scout Tower
19:47 Guard Tower
20:06 Arcane Tower
20:08 Guard Tower
20:26 Scout Tower
20:26 Scout Tower
20:27 Scout Tower
20:37 Scout Tower
20:39 Scout Tower
20:39 Scout Tower
20:40 Scout Tower
20:42 Scout Tower
20:43 Scout Tower
20:43 Scout Tower
20:52 Scout Tower
20:53 Scout Tower
20:59 Guard Tower
21:06 Guard Tower
21:39 Guard Tower
21:45 Guard Tower
22:22 Guard Tower
22:45 Guard Tower
25:36 Scout Tower
25:37 Scout Tower
25:38 Scout Tower
25:38 Scout Tower
25:39 Scout Tower
25:40 Scout Tower
26:04 Scout Tower
26:04 Scout Tower
26:05 Scout Tower
26:05 Scout Tower
26:07 Farm
26:08 Farm
26:08 Farm
26:11 Guard Tower
26:22 Arcane Tower
27:06 Guard Tower
30:58 Altar of Kings
43:24 Scout Tower
43:25 Scout Tower
43:28 Scout Tower
44:51 Arcane Tower
» items
                
                | Boots of Speed | 3 |  | 
| Staff of Teleportation | 3 |  | 
| Healing Salve | 1 |  | 
| Lesser Clarity Potion | 1 |  | 
| Circlet of Nobility | 2 |  | 
| Orb of Lightning | 3 |  | 
| Potion of Healing | 1 |  | 
| Staff of Sanctuary | 3 |  | 
| Scroll of Town Portal | 4 |  | 
                21 total
  
                Chat log
          (00:09 / Allies) MrFrosty: mebe
(00:17 / Allies) MrFrosty: yeh
(00:23 / Allies) MrFrosty: i muted him
(00:31 / Allies) MrFrosty: . . .
(00:38 / All) kunt.roII: g;l HF
(00:40 / All) kunt.roII: plz no imbalance
(01:01 / All) kunt.roII: hello? ? 
(01:04 / All) kunt.roII: u speak english? 
(01:13 / All) RANDOMIMBALANCE: SUP G!
(01:18 / All) kunt.roII: hey ?
(01:21 / All) kunt.roII: ?:)
(01:54 / Allies) MrFrosty: no scout is gay
(02:04 / Allies) MrFrosty: i prefer when they pretend they arent hacking
(02:08 / Allies) kunt.roII: yeah
(02:13 / Allies) MrFrosty: a scout
(02:15 / Allies) MrFrosty: 1 orc
(02:25 / Allies) MrFrosty: 2 oeibs what
(02:27 / Allies) kunt.roII: 2 scouts
(02:40 / Allies) kunt.roII: 2 orc
(02:45 / Allies) kunt.roII: gay
(02:50 / Allies) kunt.roII: i got big creep at least
(03:22 / All) kunt.roII: blue
(03:22 / All) kunt.roII: ur base
(03:27 / All) kunt.roII: SUCKS
(03:30 / Allies) MrFrosty: ?
(03:37 / All) RANDOMIMBALANCE: lol ye it does
(03:47 / All) RANDOMIMBALANCE: dont worry i told him
(03:52 / All) kunt.roII: goood
(03:58 / Allies) MrFrosty: ugh
(04:02 / Allies) MrFrosty: he took ward
(04:16 / Allies) MrFrosty: we should do this one imo
(05:48 / All) RANDOMIMBALANCE: nice!
(05:54 / All) kunt.roII: thanks
(07:23 / Allies) MrFrosty: ok
(09:28 / Allies) MrFrosty: welp
(10:46 / Allies) MrFrosty: no more scans
(12:25 / Allies) MrFrosty: fucking lag
(16:03 / Allies) kunt.roII: they gonna come
(16:04 / Allies) kunt.roII: get our red fast
(16:12 / Allies) MrFrosty: big agi boots 4 u
(17:02 / Allies) kunt.roII: yellow blade spell sheidl
(17:16 / Allies) MrFrosty: big agi is on your sh fyi
(17:20 / Allies) kunt.roII: blues warding things
(17:29 / Allies) kunt.roII: kk
(17:41 / Allies) kunt.roII: ttt
(18:43 / Allies) kunt.roII: did u get mana drain
(18:47 / Allies) MrFrosty: banish
(18:50 / Allies) kunt.roII: kk
(19:13 / All) kunt.roII: bye
(19:15 / All) kunt.roII: ?:)
(19:29 / Allies) MrFrosty: yellow scouted
(19:30 / Allies) kunt.roII: ?
(19:35 / Allies) kunt.roII: ok
(19:36 / Allies) kunt.roII: omw
(19:36 / Allies) MrFrosty: should be ok though
(19:57 / Allies) kunt.roII: wyvbs
(20:00 / Allies) MrFrosty: yah
(20:14 / Allies) MrFrosty: we can defend pretty ez i think
(20:18 / Allies) kunt.roII: yea
(20:26 / Allies) kunt.roII: tbqh evacuating
(21:08 / Allies) kunt.roII: this music
(21:09 / Allies) kunt.roII: still going
(21:11 / Allies) MrFrosty: o
(22:30 / Allies) kunt.roII: man
(22:33 / Allies) kunt.roII: we played this ffa ealier
(22:44 / Allies) kunt.roII: me timg blinn talons aj and some other clan obs dudes
(22:52 / Allies) kunt.roII: blinn had 4 +15 claws
(23:01 / Allies) kunt.roII: and i had 1 and a blink dagger on my tc
(23:06 / Allies) kunt.roII: we both had huge orc armies
(23:15 / Allies) kunt.roII: caster tc sh blade wyv tauren etc
(23:20 / Allies) kunt.roII: it was crazy
(23:45 / Allies) MrFrosty: lol
(23:55 / Allies) kunt.roII: nice
(24:02 / Allies) kunt.roII: so now i get this :)
(24:05 / Allies) MrFrosty: woot
(24:11 / Allies) MrFrosty: i have no idea why they let me do that
(24:17 / Allies) MrFrosty: like 8 burrows and 6 or so peons
(25:12 / All) kunt.roII: ugh
(25:14 / Allies) kunt.roII: invis!
(25:19 / Allies) MrFrosty: i went to
(25:25 / Allies) MrFrosty: but didnt
(25:29 / Allies) kunt.roII: cool story
(25:31 / Allies) MrFrosty: yeah
(25:43 / Allies) kunt.roII: massing towers here
(25:48 / Allies) MrFrosty: yaeah
(26:24 / Allies) kunt.roII: tttt
(26:39 / Allies) kunt.roII: we need this
(28:05 / Allies) kunt.roII: lawl
(29:03 / Allies) MrFrosty: o lol
(29:09 / Allies) kunt.roII: hehe
(29:12 / Allies) MrFrosty: also he has silence
(29:18 / Allies) kunt.roII: ?
(29:20 / Allies) MrFrosty: a dr
(29:21 / Allies) kunt.roII: staff or dr
(30:12 / Allies) MrFrosty: o
(30:16 / Allies) kunt.roII: lol
(30:22 / Allies) kunt.roII: thats not good
(30:26 / Allies) MrFrosty: not really no
(32:00 / Allies) kunt.roII: buffz
(32:03 / Allies) MrFrosty: yah
(32:13 / Allies) kunt.roII: ls dun last long enough : /
(32:15 / Allies) MrFrosty: ughhh they are saving some of their gold
(33:53 / Allies) kunt.roII: yellow has almost no upgrades
(34:00 / Allies) kunt.roII: ah
(34:03 / Allies) kunt.roII: hes doing em now tho
(34:08 / Allies) kunt.roII: just had 0.1
(35:15 / Allies) kunt.roII: lol
(35:55 / Allies) kunt.roII: lool
(36:29 / Allies) MrFrosty: lol what
(36:30 / Allies) MrFrosty: oh
(37:11 / Allies) kunt.roII: i know
(37:14 / Allies) MrFrosty: why you fag
(37:19 / Allies) kunt.roII: want to staff to here
(37:20 / Allies) MrFrosty: ugh
(37:40 / Allies) MrFrosty: they love to anticipate my moves
(39:08 / Allies) kunt.roII: so much wyvb
(39:54 / Allies) kunt.roII: jesus
(40:23 / Allies) kunt.roII: soon spin
(40:26 / Allies) kunt.roII: not that helpful but w.e
(41:04 / Allies) kunt.roII: tt sh
(41:10 / Allies) MrFrosty: tt indeed
(41:49 / Allies) MrFrosty: fantastic
(42:01 / Allies) kunt.roII: owend
(42:02 / Allies) kunt.roII: 4
(42:29 / Allies) kunt.roII: what
(42:31 / Allies) kunt.roII: nothing dide
(42:31 / Allies) kunt.roII: d
(42:59 / Allies) kunt.roII: spinz
(43:14 / Allies) MrFrosty: lol he cant make more peons until he rebuilds all of those burrows 
(43:45 / All) kunt.roII: SUP
(43:49 / All) RANDOMIMBALANCE: hello
(43:54 / All) kunt.roII: u wanna come ihn
(44:41 / All) kunt.roII: u got.. a tower..
(44:42 / All) kunt.roII: wtf
(44:50 / Allies) kunt.roII: tahts hilarious
(44:52 / Allies) kunt.roII: only 1 dead tower
(44:55 / Allies) MrFrosty: yeah
(45:25 / All) RANDOMIMBALANCE: ur just lcuiky we didnt get hu :/
(45:34 / All) kunt.roII: mmhm
(45:51 / All) RANDOMIMBALANCE: cloud indeed solves this
(45:59 / All) kunt.roII: indeed cloud has no counter
(46:04 / All) RANDOMIMBALANCE: too bad neither of us play orc :/
(46:14 / All) kunt.roII: too bad neither of us play warcraft : /
(46:18 / All) RANDOMIMBALANCE: neither do we :/
(46:21 / All) MrFrosty: ps you dont get to pcik random and then complain about races
(46:21 / All) kunt.roII: ?:)
(46:26 / All) RANDOMIMBALANCE: were not
(46:28 / All) RANDOMIMBALANCE: just saying
(46:28 / All) RANDOMIMBALANCE: ^^
(46:38 / All) kunt.roII: ive never won vs human with cloud using this strat
(46:41 / All) kunt.roII: its just too dang hard
(46:46 / All) RANDOMIMBALANCE: indeed
(46:52 / All) kunt.roII: cloud is like meta and avatar combined
(46:56 / All) kunt.roII: can u say IMBALANCE?
(47:00 / All) RANDOMIMBALANCE: gryph bounce owns towers in a line like that too -,-;
(47:05 / All) kunt.roII: yeah my
(47:06 / All) kunt.roII: man
(47:09 / All) kunt.roII: grpyh just tears up towers
(47:30 / All) RANDOMIMBALANCE: so why dont u just make an army and lets fight
(47:36 / All) kunt.roII: i do have an army
(47:39 / All) RANDOMIMBALANCE: rather than sit here till all our mines run out 
(47:41 / All) kunt.roII: it just doesnt have feet ?:)
(47:42 / All) RANDOMIMBALANCE: im tired
(47:50 / All) kunt.roII: im sorry ?:(
(47:53 / All) Balance: yeah whats the game plan here fellas?
(47:58 / All) Balance: hope we get bored and leave?
(47:59 / All) kunt.roII: go make a snack
(48:09 / All) kunt.roII: some dude is playing some shitty music on my vent channel
(48:12 / All) kunt.roII: its kidna interesting
(48:48 / Allies) MrFrosty: want to get sh?
(49:00 / Allies) kunt.roII: if we can
(49:03 / All) RANDOMIMBALANCE: so how much gold u got
(49:07 / All) kunt.roII: 100000
(49:11 / All) RANDOMIMBALANCE: nice!
(50:15 / Allies) kunt.roII: they got alot of shit : /
(50:19 / Allies) MrFrosty: yeah
(51:12 / Allies) kunt.roII: send in 3 and staff em
(51:16 / Allies) kunt.roII: will be lol
(52:10 / Allies) MrFrosty: lolllll
(52:11 / Allies) kunt.roII: ttttttt
(52:18 / Allies) kunt.roII: ugh
(52:19 / Allies) kunt.roII: their heroes
(52:22 / Allies) kunt.roII: are kinda good now ; // /
(52:23 / Allies) MrFrosty: worth the 30 gold for sure
(52:28 / Allies) kunt.roII: :)
(52:39 / Allies) MrFrosty: that spell shield is so gay
(52:53 / Allies) MrFrosty: ps yeah not really sure what we are going to do
(53:34 / Allies) MrFrosty: i could get a group of gyros
(53:39 / Allies) MrFrosty: it might be kind of useful
(53:43 / Allies) MrFrosty: gg
(53:57 / Allies) MrFrosty: lollll
(54:06 / Allies) MrFrosty: hahaha
(54:08 / All) kunt.roII: :)
(54:10 / All) kunt.roII: FAKE
(60:03 / All) kunt.roII: good trade
(60:11 / All) kunt.roII: here ill help u
(60:13 / All) RANDOMIMBALANCE: thanks for killin it
(60:14 / All) Balance: thought i'd throw you a bone after all those here kills
(63:00 / All) kunt.roII: JK
(63:59 / All) kunt.roII: i have a question
(64:04 / All) kunt.roII: if blue kills all of yellows tauren
(64:05 / All) RANDOMIMBALANCE: sup
(64:07 / All) kunt.roII: and then revives them
(64:10 / All) kunt.roII: can he go above 100 food
(64:15 / All) RANDOMIMBALANCE: duno g
(64:18 / All) kunt.roII: because id love to see 500 food tauren attacking my towers
(64:33 / All) RANDOMIMBALANCE: yea itd be funny
(64:36 / Allies) MrFrosty: not sure if he can revive other peoples taurens
(64:42 / Allies) kunt.roII: yeah i dont know
(64:49 / Allies) kunt.roII: maybe they will try it out tho? xD
(64:50 / Allies) MrFrosty: also you couldnt go over the limit by much
(64:57 / Allies) MrFrosty: 30-40 extra food would be the max imo
(65:16 / Allies) kunt.roII: why u say that
(65:34 / Allies) MrFrosty: if you kill off 5 tauren you would need 5 tauren totems to replace them in time
(65:39 / Allies) MrFrosty: or the corpses will go
(65:41 / All) RANDOMIMBALANCE: im havin fun with waygates
(65:44 / All) RANDOMIMBALANCE: cheya
(65:52 / Allies) kunt.roII: wha
(66:18 / Allies) MrFrosty: if you kill off 5 tauren and queue up 5 more on 2 totems you will get 2 building, reviev and then max food hit
(66:21 / Allies) MrFrosty: etc
(66:50 / Allies) kunt.roII: ohh yeah durr
(66:55 / Allies) kunt.roII: i was thinking blue would get them O_O
(66:59 / Allies) MrFrosty: o
(67:03 / Allies) MrFrosty: that would be lol
(68:00 / All) kunt.roII: bye
(68:03 / All) RANDOMIMBALANCE: see ya
(68:08 / All) kunt.roII: it should say that
(68:10 / All) kunt.roII: when u staff a unit
(68:14 / All) RANDOMIMBALANCE: ya
(68:16 / All) kunt.roII: "see ya" in red letters above him
(68:16 / All) RANDOMIMBALANCE: like sound effect
(68:22 / All) kunt.roII: man that would be so annoying
(68:23 / All) RANDOMIMBALANCE: nah sound effect better
(68:38 / All) kunt.roII: nah text would stay there
(68:39 / All) kunt.roII: taunting u
(68:44 / All) RANDOMIMBALANCE: mb both
(68:45 / All) RANDOMIMBALANCE: is best
(68:50 / All) kunt.roII: ?:) COMPRIMISE
(68:57 / All) RANDOMIMBALANCE: mb
(69:36 / All) RANDOMIMBALANCE: sup
(69:40 / All) kunt.roII: w oah
(69:50 / All) Balance: i think yall should come try to kill more peons
(69:54 / All) RANDOMIMBALANCE: Brb folding laundry
(69:54 / All) Balance: thats been kinda fun
(69:55 / All) kunt.roII: nah
(70:02 / All) RANDOMIMBALANCE: ya why arent u harassing anymore :/
(70:15 / All) kunt.roII: reading national geo and eating leftovers
(70:33 / All) RANDOMIMBALANCE: nice!
(70:36 / All) MrFrosty: the simpsons spin off episode is on
(70:45 / All) MrFrosty: its grandpa as the love tester thing atm
(70:46 / All) RANDOMIMBALANCE: ya im watching jon stewart
(70:46 / All) Balance: you read that for the 1/20 editions where there are tits, don't you
(70:59 / All) kunt.roII: i was about to say
(71:04 / All) kunt.roII: i just flipped page
(71:14 / All) kunt.roII: and thers a bunch of urkraine hotties in underwear
(71:31 / All) kunt.roII: talkin about soviet colapase and how it makes women become sluts?
(72:16 / All) RANDOMIMBALANCE: im spamming so my apm goes up
(72:22 / All) RANDOMIMBALANCE: 123 as fast as possible
(72:47 / All) kunt.roII: Long-legged beauties audition during a "talent search" at club in Kyiv, a city popular with sex tourists.
(73:11 / All) kunt.roII: the hardships of ukraines post soviet market economy lead many women to sell their looks and their bodies.
(73:17 / All) RANDOMIMBALANCE: ukraine girls are ugly
(73:17 / All) kunt.roII: THANKS NATIONAL GEO
(73:18 / All) RANDOMIMBALANCE: lol
(73:23 / All) kunt.roII: nah not these ones
(73:27 / All) kunt.roII: they probobly ahve aids tho
(73:40 / Allies) kunt.roII: this is just lame
(73:41 / All) kunt.roII: !!
(73:46 / All) RANDOMIMBALANCE: ?
(74:55 / All) kunt.roII: LoL
(75:40 / All) MrFrosty: o i just remembered dexter is on tonight that owns
(76:00 / All) kunt.roII: dexters lab?
(76:05 / All) MrFrosty: dot dot dot
(76:13 / All) kunt.roII: i love that shot
(76:21 / All) MrFrosty: prob b/c ur a big baby
(76:53 / Allies) MrFrosty: lol
(76:56 / Allies) kunt.roII: welp
(77:09 / Allies) kunt.roII: wasnt supposed to happen likethat
(77:36 / Allies) kunt.roII: nice
(77:48 / Allies) kunt.roII: stf
(77:49 / Allies) kunt.roII: wtf
(77:50 / Allies) kunt.roII: the range on that
(77:52 / Allies) kunt.roII: is retarded
(77:56 / Allies) MrFrosty: on?
(78:01 / Allies) kunt.roII: link
(78:03 / Allies) MrFrosty: oh
(78:05 / Allies) kunt.roII: casting on ur am
(78:09 / Allies) MrFrosty: lol
(78:43 / Allies) kunt.roII: bia
(78:44 / Allies) kunt.roII: lol
(79:33 / Allies) MrFrosty: imo tp over with your casters and shit if they attack
(79:40 / Allies) kunt.roII: k
(80:28 / All) kunt.roII: HARASSING :)
(80:44 / Allies) MrFrosty: tt got the dr atleast and 5/5 am/bm
(80:44 / All) kunt.roII: c u
(82:21 / All) RANDOMIMBALANCE: so who are you guys?
(82:27 / All) kunt.roII: you can call me
(82:31 / All) kunt.roII: kunt.roII
(82:41 / All) RANDOMIMBALANCE: interesting
(83:21 / All) kunt.roII: lol blue
(83:22 / All) kunt.roII: tahts ur bm
(83:23 / All) kunt.roII: not mine
(83:34 / All) MrFrosty: so many bm
(85:14 / Allies) kunt.roII: v. nice
(85:23 / Allies) MrFrosty: i want 6 am real bad
(86:20 / Allies) kunt.roII: lol
(86:30 / Allies) MrFrosty: 21 exp away now
(86:44 / Allies) kunt.roII: all this shit down 100 hp]
(86:47 / Allies) MrFrosty: lol
(86:49 / Allies) kunt.roII: link really helps this
(86:54 / Allies) MrFrosty: yeah
(87:23 / Allies) MrFrosty: woooot
(88:39 / All) kunt.roII: ?:)
(90:18 / Allies) kunt.roII: gonna scout yello
(90:22 / Allies) kunt.roII: maybe tp and kill burrows
(90:24 / Allies) kunt.roII: if he did rebuild
(90:45 / Allies) MrFrosty: couple of peons
(91:38 / Allies) kunt.roII: kill if u want
(91:46 / Allies) kunt.roII: raider
(92:00 / Allies) kunt.roII: did he have that
(92:03 / Allies) kunt.roII: he musta'
(93:22 / Allies) kunt.roII: such ownage
(93:43 / Allies) MrFrosty: blue making more
(94:29 / Allies) kunt.roII: ohw tf
(94:32 / Allies) kunt.roII: my sh has no orb
(95:01 / Allies) kunt.roII: ill just kill dese burrow
(96:32 / Allies) MrFrosty: banish is good at getting rid of spell shield
(96:34 / All) RANDOMIMBALANCE: banish cancels ww?
(96:38 / All) MrFrosty: spell shield
(96:39 / All) MrFrosty: does
(96:44 / All) RANDOMIMBALANCE: did not know that
(97:21 / All) RANDOMIMBALANCE: Gg
(97:23 / All) kunt.roII: GGG
(97:27 / All) MrFrosty: gf g